 Dungeon Crawl Stone Soup version 0.29.1-12-g30fa7ad0bf (webtiles) character file.

Game seed: 40003334115781701

70 wormed the Covert (level 4, 0/41 HPs)
             Began as a Gnoll Delver on Dec 21, 2022.
             Slain by Natasha (8 damage)
             ... on level 2 of the Dungeon.
             The game lasted 00:02:34 (1610 turns).

wormed the Covert (Gnoll Delver)                    Turns: 1610, Time: 00:02:34

Health: 0/41       AC:  3    Str: 11    XL:     4   Next: 21%
Magic:  5/5        EV: 13    Int: 12    God:
Gold:   146        SH:  0    Dex: 13    Spells: 5/5 levels left

rFire   . . .      SeeInvis .   d - +0 dagger
rCold   . . .      Faith    .   (no shield)
rNeg    . . .      Spirit   .   b - +0 leather armour
rPois   .          Reflect  .   (no helmet)
rElec   .          Harm     .   (no cloak)
rCorr   .          Rampage  .   (no gloves)
Will    .....                   (no boots)
Stlth   ++++......              (no amulet)
HPRegen 0.13/turn               (no ring)
MPRegen 0.09/turn               (no ring)

@: slowed, very slow
A: fangs 1, strong nose, distributed training
a: no special abilities


You were on level 2 of the Dungeon.
You visited 1 branch of the dungeon, and saw 5 of its levels.

You collected 146 gold pieces.

Inventory:

Hand Weapons
 d - a +0 dagger (weapon)
Armour
 b - a +0 leather armour (worn)
Jewellery
 e - a ring of protection from fire
Wands
 g - a wand of digging (3)
Scrolls
 a - 4 scrolls of identify {unknown}
 h - a scroll of teleportation {unknown}
 j - a scroll of butterflies {unknown}
 k - 3 scrolls of enchant armour {unknown}
 n - a scroll of torment {unknown}
 o - a scroll of blinking {unknown}
 p - 2 scrolls of acquirement {unknown}
Potions
 f - a potion of haste
 i - a potion of mutation {unknown}
 l - 2 potions of magic {unknown}
 m - a potion of attraction {unknown}


   Skills:
 + Level 6.6 Fighting
 + Level 4.6 Short Blades
 + Level 1.1 Long Blades
 + Level 1.1 Axes
 + Level 1.1 Maces & Flails
 + Level 1.1 Polearms
 + Level 1.1 Staves
 + Level 1.1 Ranged Weapons
 + Level 1.1 Throwing
 + Level 1.1 Armour
 + Level 4.6 Dodging
 + Level 9.6 Stealth
 + Level 1.1 Shields
 + Level 1.1 Unarmed Combat
 + Level 1.1 Spellcasting
 + Level 0.8 Conjurations
 + Level 0.8 Hexes
 + Level 0.8 Summonings
 + Level 0.8 Necromancy
 + Level 0.8 Translocations
 + Level 0.8 Transmutations
 + Level 0.8 Fire Magic
 + Level 0.8 Ice Magic
 + Level 0.8 Air Magic
 + Level 0.8 Earth Magic
 + Level 0.8 Poison Magic
 + Level 1.2 Invocations
 + Level 1.1 Evocations


You had 5 spell levels left.
You didn't know any spells.
Your spell library contained the following spells:

 Spells                   Type           Power      Damage    Failure   Level
 Sting                    Tmut/Pois      8%         1d3       28%         1
 Ensorcelled Hibernation  Hex/Ice        4%         N/A       38%         2
 Poisonous Vapours        Pois/Air       4%         N/A       38%         2
 Spider Form              Tmut/Pois      2%         N/A       63%         3
 Anguish                  Hex/Necr       1%         N/A       95%         4
 Olgreb's Toxic Radiance  Pois           2%         N/A       95%         4


Dungeon Overview and Level Annotations

Branches:
Dungeon (5/15)
 Temple: D:4-7

Altars:
Zin

Annotations:
D:2 Natasha


Innate Abilities, Weirdness & Mutations

You have very sharp teeth.
Your uncanny sense of smell can sniff out nearby items.
Your experience applies equally to all skills.


Message History

The magic dart hits you.
You hit Natasha. Your bite misses Natasha.
Natasha is lightly wounded.
Natasha casts a spell.
You hit Natasha but do no damage. You bite Natasha, but do no damage.
Natasha is lightly wounded.
You hit Natasha but do no damage.
Natasha is lightly wounded.
Natasha stares at you and mumbles some strange words.
You feel yourself slow down. The crimson imp completely misses you.
You barely miss Natasha.
Natasha is lightly wounded.
Natasha stares at you and mumbles some strange words.
The magic dart hits you! The crimson imp barely misses you.
You hit Natasha. Your bite misses Natasha.
Natasha is moderately wounded.
Natasha closely misses you. The crimson imp closely misses you.
Natasha claws you but does no damage. The crimson imp hits you.
You barely miss Natasha.
Natasha is moderately wounded.
Natasha claws you! The crimson imp misses you.
You barely miss Natasha.
Natasha is moderately wounded.
Natasha claws you. The crimson imp barely misses you.
As you read the scroll of fog, it crumbles to dust.
The scroll dissolves into smoke.
Natasha mumbles some strange words.
The crimson imp barely misses you. Natasha claws you.
* * * LOW HITPOINT WARNING * * *
The crimson imp barely misses you. The crimson imp misses you.
You enter the shallow water.
Moving in this stuff is going to be slow.
The crimson imp disappears in a puff of smoke!
Natasha completely misses you. Natasha claws you.
* * * LOW HITPOINT WARNING * * *
There is an escape hatch in the floor here.
Natasha claws you!
You die...

#.########...........#
.....##~~~~~.≈.###...# ### ##
#.##.###.....~≈~###.#### ##.###.
#.##<###..~.~~~........####......
#.##.##.♣~♣.♣....##.##......##.##
#.##..~♣~~~.~~...##.##.####.#....
#.##.###≈.≈.~.~..##....# #...##.
......~.~~.~~....#####.####.#.#..
#.###.~~~.~.♣..#@####.......#...#
#.# #..~~♣.~~..h......##.##.#.#.#
#.# ##.~..♣.~~~####...##.##...#..
#.####.##..§§§.# #...# ##.#.#.#
#.#.....§.§§.§.# ##...) #..#...#
#.#.#..##§#§##§# #.### ##(#.#..
#.#.#..##h§#§...# #...##.
#.......§§###...... ####.#....
###.#####§. ...### .....##.##


You could see Natasha.

Vanquished Creatures
  Natasha (D:2)
  Robin (D:4)
  4 bats
  2 endoplasms
  A giant cockroach (D:2)
  4 hobgoblins
  A kobold (D:1)
  4 ball pythons
  A frilled lizard (D:2)
  10 goblins
  2 rats
31 creatures vanquished.

Notes
Turn   | Place    | Note
-------+----------+-------------------------------------------
     0 | D:5      | Reached skill level 9 in Stealth
     0 | D:5      | wormed the Gnoll Delver began the quest for the Orb.
     0 | D:5      | Reached XP level 1. HP: 23/23 MP: 1/1
     5 | D:5      | Noticed an orc wizard
    61 | D:4      | Noticed Robin
    65 | D:4      | Killed Robin
    66 | D:4      | Reached XP level 2. HP: 29/29 MP: 2/2
   114 | D:4      | Found a glowing silver altar of Zin.
   456 | D:1      | Reached XP level 3. HP: 35/35 MP: 3/3
   707 | D:1      | Reached skill level 1 in Invocations
  1436 | D:2      | Noticed Natasha
  1443 | D:2      | Killed Natasha
  1444 | D:2      | Reached skill level 1 in Long Blades
  1444 | D:2      | Reached skill level 1 in Axes
  1444 | D:2      | Reached skill level 1 in Maces & Flails
  1444 | D:2      | Reached skill level 1 in Polearms
  1444 | D:2      | Reached skill level 1 in Staves
  1444 | D:2      | Reached skill level 1 in Ranged Weapons
  1444 | D:2      | Reached skill level 1 in Throwing
  1444 | D:2      | Reached skill level 1 in Armour
  1444 | D:2      | Reached skill level 1 in Shields
  1444 | D:2      | Reached skill level 1 in Unarmed Combat
  1444 | D:2      | Reached skill level 1 in Spellcasting
  1444 | D:2      | Reached skill level 1 in Evocations
  1444 | D:2      | Reached XP level 4. HP: 41/41 MP: 5/5
  1587 | D:2      | Noticed Natasha
  1610 | D:2      | Slain by Natasha

Illustrated notes

Levels and vault maps discovered:
D:1:      dpeg_arrival_tiny_a, layout_basic, chequers_hall_statues_y
D:2:      layout_loops_cross, chequers_serial_rivers_marsh, grunt_decor_cap,
          nicolae_concentric_dashed_squares_mild, uniq_natasha
D:3:      layout_rooms, vehumet_crystals, minivault_19,
          pf_guarded_unrand_delatra
D:4:      layout_loops_ring, mainiacjoe_overflow_cross_hatched,
          nrook_loot_triangle, uniq_edmund, uniq_robin, uniq_sigmund
D:5:      layout_loops_ring, nzn_hepliaklqana_mist_gate,
          gammafunk_ghost_necromancy, uniq_ijyb, uniq_prince_ribbit1

Skill      XL: |  1  2  3 |
---------------+----------+-----
Stealth        | |  9.6
Invocations    | 1 |  1.2
Long Blades    | 1 |  1.1
Axes           | 1 |  1.1
Maces & Flails | 1 |  1.1
Polearms       | 1 |  1.1
Staves         | 1 |  1.1
Ranged Weapons | 1 |  1.1
Throwing       | 1 |  1.1
Armour         | 1 |  1.1
Shields        | 1 |  1.1
Unarmed Combat | 1 |  1.1
Spellcasting   | 1 |  1.1
Evocations     | 1 |  1.1
Fighting       | |  6.6
Short Blades   | |  4.6
Dodging        | |  4.6
Conjurations   | |  0.8
Hexes          | |  0.8
Summonings     | |  0.8
Necromancy     | |  0.8
Translocations | |  0.8
Transmutations | |  0.8
Fire Magic     | |  0.8
Ice Magic      | |  0.8
Air Magic      | |  0.8
Earth Magic    | |  0.8
Poison Magic   | |  0.8

Action                   |  1- 3 |  4- 6 || total
-------------------------+-------+-------++-------
Melee: Short sword       |    37 |       ||    37
       Bite              |     5 |     1 ||     6
       Dagger            |    32 |    14 ||    46
  Use: Scroll            |     2 |     1 ||     3
 Stab: Sleeping          |     9 |     5 ||    14
Armor: Leather armour    |    13 |     1 ||    14
Dodge: Dodged            |    21 |    10 ||    31
